 Dungeon Crawl Stone Soup version 0.30-a0-1035-g38d5fb2972 (webtiles) character file.

Game seed: 998897236409810683

53 DeathPants the Stinger (level 3, 0/26 HPs)
             Began as a Ghoul Venom Mage on Apr 8, 2023.
             Killed from afar by Natasha (5 damage)
             ... with a magic dart
             ... on level 1 of the Dungeon.
             The game lasted 00:05:54 (1253 turns).

DeathPants the Stinger (Ghoul Venom Mage)           Turns: 1253, Time: 00:05:54

Health: 0/26       AC:  3    Str: 11    XL:     3   Next: 89%
Magic:  5/5        EV: 12    Int: 12    God:
Gold:   31         SH:  0    Dex:  9    Spells: 0/6 levels left

rFire   . . .      SeeInvis .    f - +0 hand axe
rCold   + . .      Faith    .    (no shield)
rNeg    + + +      Spirit   .    o - +0 robe
rPois   ∞          Reflect  .    (no helmet)
rElec   .          Rampage  .    (no cloak)
rCorr   .                        (no gloves)
Will    .....                    c - +0 pair of boots
Stlth   ++                       (no amulet)
HPRegen 0.00/turn                (no ring)
MPRegen 0.09/turn                (no ring)

@: inhibited regen
A: claws 1, cold resistance 1, negative energy resistance 3, inhibited
regeneration, torment resistance 2, devour on kill
a: no special abilities


You were on level 1 of the Dungeon.
You visited 1 branch of the dungeon, and saw 2 of its levels.

You collected 31 gold pieces.

Inventory:

Hand Weapons
 f - a +0 hand axe (weapon)
Missiles
 b - 4 boomerangs of dispersal
 m - 2 poisoned darts
 n - 6 javelins
Armour
 c - a +0 pair of boots (worn)
 o - a +0 robe (worn)
Jewellery
 a - a ring of flight
Scrolls
 h - a scroll of fog {unknown}
 i - a scroll of brand weapon {unknown}
 j - a scroll of identify {unknown}
 l - a scroll of teleportation {unknown}
Potions
 d - 2 potions of curing {unknown}
 e - a potion of berserk rage {unknown}
 g - a potion of haste {unknown}
 k - 2 potions of resistance {unknown}


   Skills:
 - Level 1.7 Dodging
 - Level 2.1 Stealth
 + Level 2.4 Spellcasting
 - Level 0.8 Transmutations
 * Level 4.2 Poison Magic


You couldn't memorise any spells.
You knew the following spells:

 Your Spells              Type           Power      Damage    Failure   Level
a - Sting                 Tmut/Pois      28%        1d4       10%         1
b - Poisonous Vapours     Pois/Air       12%        N/A       17%         2
c - Mephitic Cloud        Conj/Pois/Air  4%         N/A       41%         3

Your spell library contained the following spells:

 Spells                   Type           Power      Damage    Failure   Level
 Olgreb's Toxic Radiance  Pois           11%        N/A       41%         4


Dungeon Overview and Level Annotations

Branches:
Dungeon (2/15)

Altars:

Shops:
D:2 [

Annotations:
D:1 Natasha
D:2 Terence


Innate Abilities, Weirdness & Mutations

You are immune to poison.
You have sharp fingernails.
Your flesh is cold resistant. (rC+)
You are immune to negative energy. (rN+++)
You do not regenerate when monsters are visible.
You are immune to unholy pain and torment.
You thrive by killing the living.


Message History

You barely miss the kobold. The kobold hits you with a +0 whip.
Aiming: Sting (safe; 10% risk of failure)
Press: ? - help, Q - select action, (/) - cycle Shift-Dir - straight line, f/p - kobold
Aim: a kobold, wielding a +0 whip (60% to hit)
The sting hits the kobold.
The kobold is poisoned.
You kill the kobold!
You feel better.
A rat comes into view.
Things that are here:
a +0 whip; a kobold corpse You see here a ring of flight.
a - a ring of flight Natasha and a quokka come into view.
Natasha hisses angrily.
Natasha casts a spell.
The rat twitches its whiskers.
The rat misses you. Natasha casts a spell at you. The magic dart hits you.
Things that are here:
a +0 whip; a kobold corpse The rat attacks as you move away!
The rat barely misses you. Natasha attacks as you move away!
Natasha barely misses you. Natasha attacks as you move away!
Natasha barely misses you. The rat attacks as you move away! The rat bites you.
Natasha attacks as you move away! Natasha claws you. Natasha misses you.
There is a stone staircase leading up here.
The cerulean imp closely misses you. The rat barely misses you.
Natasha claws you!
You climb upwards.
The cerulean imp disappears in a puff of smoke!
There is a stone staircase leading down here.
Natasha attacks as you move away! Natasha claws you.
* * * LOW HITPOINT WARNING * * *
Natasha wildly gestures.
You feel troubled. Natasha casts a spell at you. The magic dart hits you.
You die...

.##....#.#.#.#.#.##.#
..####............#.# #.##
###.#.#.#.#.##.#
#..####.............#
##...###.#.#.#.#.#..#
###..#...........#.#
##.##.#.#.#h#.##.#
#.#........>r.#.#
#####.##.#.#.#†#@#..#######
..........=........##.....##
####...#.#.#.#.#.#.........##
###.####.................#
#..# #.................#
##.###.................#
#####..^..................#
#......#..................#
#.###....#................#


You could see Natasha and a rat.

Vanquished Creatures
  An adder (D:1)
  A dart slug (D:2)
  2 endoplasms (D:1)
  2 giant cockroaches (D:1)
  4 goblins (D:1)
  6 hobgoblins
  3 jackals (D:1)
  6 kobolds
  2 quokkas (D:1)
  5 ball pythons (D:1)
  A bat (D:1)
  2 frilled lizards
  3 rats (D:1)
38 creatures vanquished.

Notes
Turn   | Place    | Note
-------+----------+-------------------------------------------
     0 | D:1      | DeathPants the Ghoul Venom Mage began the quest for the
                  | Orb.
     0 | D:1      | Reached XP level 1. HP: 14/14 MP: 2/2
    11 | D:2      | Found Efifics's Armour Emporium.
   126 | D:1      | Reached XP level 2. HP: 4/20 MP: 0/4
   248 | D:1      | You fall into a shaft and drop 1 floor!
   267 | D:2      | Noticed Terence
   481 | D:1      | Reached XP level 3. HP: 22/26 MP: 5/5
   843 | D:1      | Learned a level 2 spell: Poisonous Vapours
   847 | D:1      | Learned a level 3 spell: Mephitic Cloud
   898 | D:1      | Reached skill level 4 in Poison Magic
  1239 | D:2      | Noticed Natasha
  1253 | D:1      | Killed from afar by Natasha

Illustrated notes

Levels and vault maps discovered:
D:1:      amcnicky_arrival_choice, layout_rooms, st_stairs_11
D:2:      layout_loops_cross, basic_altar, serial_shops, nicolae_shop_crystal,
          uniq_natasha, uniq_terence

Skill      XL: |  1  2  3 |
---------------+----------+-----
Spellcasting   | 2 |  2.4
Poison Magic   | 4 |  4.2
Dodging        | |  1.7
Stealth        | |  2.1
Transmutations | |  0.8

Action                     || total
---------------------------++-------
  Melee: Unarmed           ||    13
         Hand axe          ||    73
         Short sword       ||     8
   Cast: Sting             ||    34
    Use: Potion            ||     1
 Armour: Robe              ||    32
  Dodge: Dodged            ||    85

Table legend: (Time is in decaauts)
 A = Elapsed time spent in this place.
 B = Non-inter-level travel time spent in this place.
 C = Inter-level travel time spent in this place.
 D = Time resting spent in this place.
 E = Time spent auto-exploring this place.
 F = Levels seen in this place.
 G = Mean time per level.
                   A        B        C        D        E       F      G
               +--------+--------+--------+--------+--------+-----+--------+
         Total |   1276 |   1236 |     40 |    189 |    599 |   2 |  638.0 |
       Dungeon |   1276 |   1236 |     40 |    189 |    599 |   2 |  638.0 |
               +--------+--------+--------+--------+--------+-----+--------+

Top non-repeatable levels by time:
     D:1: 1188 daAuts
     D:2: 88 daAuts
